AoeStats
← wang

Arena

508819008Analyzed
1v1 RM · 8d ago on Sep 24, 2026· 37m 15s· 2 players
Game mode
Random Map
Map size
Tiny (2 player)
Population
200
Speed
Normal
Resources
Standard
Victory
Conquest
Starting age
Dark Age
Ending age
Imperial Age
RankedLock teamsTeams togetherTeam positionsShared explorationLock speedFull tech treeHidden civsTurbo modeCheats
Victory
Defeat
🇨🇳 Portuguese · China
435
+18
🇨🇳 Goths · China
487
-18
1115837162
2:24 Loom
11:11 Feudal Age
12:45 Horse Collar
18:35 Castle Age
16:42 Double-Bit Axe
17:46 Gold Mining
20:04 Bow Saw
21:01 Stone Mining
27:04 Wheelbarrow
30:19 Imperial Age
28:51 Wheelbarrow
29:21 Stone Shaft Mining
29:02 Masonry
28:44 Gambesons
28:45 Arson
28:21 Man-at-Arms
30:09 Long Swordsman
31:10 Scale Mail Armor
32:03 Town Watch
33:41 Heavy Plow
35:22 Two-Handed Swordsman
38:06 Conscription
wang
11:10 Feudal Age
18:31 Castle Age
16:47 Horse Collar
16:55 Double-Bit Axe
19:53 Bow Saw
19:47 Heavy Plow
30:38 Imperial Age
32:09 Anarchy
35:08 Perfusion
36:32 Scale Mail Armor
36:43 Forging
37:18 Wheelbarrow
36:29 Town Watch
Connection lost

Rejoining the realm…

Still unreachable

The connection could not be restored.

Session expired

The server has moved on; the page needs a fresh start.